 Dungeon Crawl Stone Soup version 0.21-a0-529-g8c7b3f5 (webtiles) character file.

1000 slep the Chopper (level 8, -3/42 HPs)
             Began as a Vine Stalker Gladiator on Dec 11, 2017.
             Slain by an orc warrior
             ... wielding a +0 long sword
              (7 damage)
             ... on level 5 of the Dungeon.
             The game lasted 00:15:09 (3934 turns).

slep the Chopper (Vine Stalker Gladiator)           Turns: 3934, Time: 00:15:10

Health: -3/42      AC: 15    Str: 17    XL:     8   Next: 19%
Magic:  0/18       EV:  6    Int:  8    God:
Gold:   233        SH:  0    Dex: 18    Spells: 7/7 levels left

rFire    . . .     SeeInvis .   a - +0 war axe
rCold    . . .     Gourm    +   (no shield)
rNeg     . . .     Faith    .   x - +1 plate armour {MR+}
rPois    .         Spirit   +   c - +0 helmet
rElec    .         Reflect  .   J - +0 cloak
rCorr    .         Harm     .   (no gloves)
MR       ++...                  C - +0 pair of boots
Stlth    ..........             e - amulet of the gourmand
HPRegen  0.54/turn              q - ring of magical power
MPRegen  0.16/turn              (no ring)

@: no status effects
A: fangs 3, regeneration 1, magic shield, antimagic bite, no potion heal 3, rot
immunity
a: no special abilities


You were on level 5 of the Dungeon.
You were not hungry.

You visited 1 branch of the dungeon, and saw 5 of its levels.

You collected 233 gold pieces.

Inventory:

Hand Weapons
 a - a +0 war axe (weapon)
 D - a +0 blowgun
Missiles
 d - 2 throwing nets (quivered)
 E - 16 poisoned needles
Armour
 b - a +0 leather armour
 c - a +0 helmet (worn)
 x - a +1 plate armour of magic resistance (worn)
 C - a +0 pair of boots (worn)
 I - a +1 robe of positive energy
 J - a +0 cloak (worn)
Jewellery
 e - an amulet of the gourmand (around neck)
 q - a ring of magical power (left hand)
 r - an uncursed amulet of faith
 t - a +3 amulet of reflection
 G - an uncursed amulet of magic regeneration {unknown}
Wands
 u - a wand of flame (37)
Scrolls
 i - 5 scrolls of identify {unknown}
 l - 3 scrolls of teleportation {unknown}
 p - a scroll of noise {unknown}
 w - a scroll of blinking {unknown}
 y - a scroll of fear {unknown}
 z - 2 scrolls of remove curse {unknown}
 F - a scroll of immolation {unknown}
Potions
 g - 2 potions of mutation {unknown}
 j - a potion of invisibility {unknown}
 k - a potion of lignification {unknown}
 m - a potion of haste {unknown}
 o - 2 potions of heal wounds {unknown}
 s - 2 potions of might {unknown}
 A - a potion of degeneration {unknown}
 B - a potion of magic {unknown}
 H - a potion of agility {unknown}
Comestibles
 f - 2 bread rations
 h - 2 royal jellies
 n - 2 meat rations
 v - 4 fruits


   Skills:
 + Level 3.8 Fighting
 + Level 6.4 Axes
 + Level 2.0 Throwing
 + Level 3.1 Armour
 + Level 3.1 Dodging
 + Level 2.6 Stealth


You had 7 spell levels left.
You didn't know any spells.

Dungeon Overview and Level Annotations

Branches:
Dungeon (5/15)
 Temple: D:4-7

Altars:
Gozag


Innate Abilities, Weirdness & Mutations

You have razor-sharp teeth.
Your natural rate of healing is unusually fast.
When hurt, damage is shared between your health and your magic reserves.
Your bite disrupts and absorbs the magic of your enemies.
Potions cannot restore your health.
You are immune to rotting.


Message History

Your plate armour prevents you from hitting the orc.
You slash Dowan!
You kill Dowan!
You hit the orc warrior but do no damage.
The orc warrior hits you with a long sword!
* * * LOW HITPOINT WARNING * * *
The orc hits you but does no damage.
You slash the orc!
You kill the orc!
You hit the orc warrior.
The orc warrior hits you with a long sword.
* * * LOW HITPOINT WARNING * * *
You hit the orc warrior. Your bite misses the orc warrior.
The orc warrior is lightly wounded.
The orc warrior hits you with a long sword!
* * * LOW HITPOINT WARNING * * *
You barely miss the orc warrior.
The orc warrior is lightly wounded.
The orc warrior hits you with a long sword!
You die...

#... #..#.#
#<$#.# #..#.## #
... #.....#.. ..
#....#.. #..
#...#.#
##..####<...##..
##......#@.......
......#.#o#.####.
#...(#.#.#
#...))).#
#/.[.#.###
......#.#.#
##..###.#.# ##
..#.. #####


You could see an orc warrior.

Vanquished Creatures
  Sigmund (D:3)
  The ghost of SFR the Sneak, an amateur DgWn (D:3)
  Duvessa (D:5)
  An ogre (D:4)
  Dowan (D:5)
  A water moccasin skeleton (D:4)
  A hound (D:4)
  Crazy Yiuf (D:3)
  3 orc priests
  An orc wizard (D:3)
  2 worker ants (D:4)
  9 adders
  An ooze (D:2)
  2 adder skeletons (D:4)
  2 worms (D:2)
  4 dart slugs
  A leopard gecko (D:1)
  4 orcs
  11 bats
  A giant cockroach (D:3)
  6 hobgoblins
  9 jackals
  13 kobolds
  2 quokkas
  8 frilled lizards
  10 goblins
  8 rats
  3 bushes (D:1)
  3 plants (D:1)
111 creatures vanquished.

Vanquished Creatures (others)
  5 toadstools (D:1)
5 creatures vanquished.

Grand Total: 116 creatures vanquished

Notes
Turn   | Place    | Note
-------+----------+-------------------------------------------
     0 | D:1      | slep the Vine Stalker Gladiator began the quest for the Orb.
     0 | D:1      | Reached XP level 1. HP: 11/11 MP: 2/2
   132 | D:1      | Reached XP level 2. HP: 8/15 MP: 3/3
   286 | D:1      | Reached skill level 3 in Axes
   365 | D:1      | Reached XP level 3. HP: 12/18 MP: 2/4
  1155 | D:2      | Gained mutation: Your natural rate of healing is unusually fast. [Vine Stalker growth]
  1155 | D:2      | Reached XP level 4. HP: 11/23 MP: 3/5
  1402 | D:2      | Found an opulent altar of Gozag.
  1560 | D:2      | Reached skill level 1 in Armour
  1667 | D:3      | Noticed Sigmund
  1746 | D:3      | Reached XP level 5. HP: 26/26 MP: 6/6
  1859 | D:3      | Noticed SFR's ghost (amateur DgWn)
  2013 | D:4      | Reached skill level 4 in Axes
  2138 | D:4      | Noticed an ogre
  2147 | D:4      | Killed an ogre
  2147 | D:4      | Reached skill level 1 in Stealth
  2155 | D:4      | Reached XP level 6. HP: 10/32 MP: 7/7
  3186 | D:3      | Killed SFR's ghost
  3186 | D:3      | Reached skill level 5 in Axes
  3186 | D:3      | Reached XP level 7. HP: 6/36 MP: 4/8
  3774 | D:3      | Found a runed door.
  3806 | D:3      | Killed Sigmund
  3850 | D:3      | Noticed Crazy Yiuf
  3859 | D:3      | Killed Crazy Yiuf
  3895 | D:5      | Entered Level 5 of the Dungeon
  3900 | D:5      | Noticed Duvessa
  3900 | D:5      | Noticed Dowan
  3923 | D:5      | Killed Duvessa
  3923 | D:5      | Reached skill level 6 in Axes
  3923 | D:5      | Gained mutation: You have razor-sharp teeth. [Vine Stalker growth]
  3923 | D:5      | Reached XP level 8. HP: 34/42 MP: 9/9
  3929 | D:5      | Killed Dowan
  3934 | D:5      | Slain by an orc warrior

Vault maps used:
D:1:      ldierk_walled_garden, lexackson_kobold_supper
D:2:      overflow_temple_1_default, minivault_4
D:3:      serial_glass, glass_columns_a, glass_columns_b,
          hangedman_decor_points, uniq_sigmund, uniq_crazy_yiuf_cottage
D:4:      enter_ossuary_5, first_bread
D:5:      kennysheep_big_flooded_room, minmay_temple_entry_grid,
          nicolae_dithmenos_shadow_blocks, uniq_duvessa

Skill      XL: |  1  2  3  4  5  6  7 |
---------------+----------------------+-----
Fighting       | 2 3 |  3.8
Axes           | 3 4 5 6 |  6.4
Throwing       | 2 |  2.0
Armour         | 1 2 3 |  3.1
Dodging        | 3 |  3.1
Stealth        | 2 |  2.6

Action                   |  1- 3 |  4- 6 |  7- 9 || total
-------------------------+-------+-------+-------++-------
Melee: War axe           |   234 |   142 |    88 ||   464
       Bite              |    94 |    40 |    30 ||   164
Throw: Throwing net      |       |     1 |       ||     1
 Stab: Sleeping          |       |     2 |       ||     2
       Held in net/web   |       |     1 |       ||     1
  Eat: Chunk             |     9 |     6 |     5 ||    20
Armor: Leather armour    |    42 |    18 |       ||    60
       Plate armour      |       |    42 |    67 ||   109
Dodge: Dodged            |   112 |    81 |    30 ||   223
Block: Other             |       |     8 |     3 ||    11

Table legend:
 A = Spawn XP
 B = Non-spawn XP
 C = Spawn XP percentage of total XP
 D = Spawn monster count
 E = Non-spawn monster count
 F = Spawn count percentage of total count
 G = Total turns spent on level
                    A         B        C        D         E        F      G
               +---------+---------+-------+---------+---------+-------+---------
         Total |       0 |    1429 |   0.0 |       0 |     105 |   0.0 |  3934
               +---------+---------+-------+---------+---------+-------+---------
           D:1 |       0 |      72 |   0.0 |       0 |      42 |   0.0 |  1113
           D:2 |       0 |      89 |   0.0 |       0 |      19 |   0.0 |   548
           D:3 |       0 |     614 |   0.0 |       0 |      28 |   0.0 |  1102
           D:4 |       0 |     339 |   0.0 |       0 |      11 |   0.0 |  1132
           D:5 |       0 |     315 |   0.0 |       0 |       5 |   0.0 |    39
               +---------+---------+-------+---------+---------+-------+---------
